 Dungeon Crawl Stone Soup version 0.29.1-12-g30fa7ad0bf (webtiles) character file.

Game seed: 1634301250625397398

11 KittyFluff the Trooper (level 2, -2/19 HPs)
             Began as a Gargoyle Berserker on Jan 14, 2023.
             Was a Follower of Trog.
             Slain by a gnoll
             ... wielding a +0 flail
              (10 damage)
             ... on level 1 of the Dungeon.
             The game lasted 00:00:58 (301 turns).

KittyFluff the Trooper (Gargoyle Berserker)          Turns: 301, Time: 00:00:59

Health: -2/19      AC:  5    Str: 20    XL:     2   Next: 25%
Magic:  2/2        EV: 12    Int:  7    God:    Trog [*.....]
Gold:   31         SH:  0    Dex:  9    Spells: 1/1 levels left

rFire   . . .      SeeInvis .   a - +0 mace
rCold   . . .      Faith    .   (no shield)
rNeg    + . .      Spirit   .   b - +0 animal skin
rPois   ∞          Reflect  .   (no helmet)
rElec   +          Harm     .   (no cloak)
rCorr   .          Rampage  .   (no gloves)
Will    .....                   (no boots)
Stlth   +.........              (no amulet)
HPRegen 0.06/turn               (no ring)
MPRegen 0.08/turn               (no ring)

@: no status effects
A: sickness immunity, AC +2, negative energy resistance 1, electricity
resistance, torment resistance 1, petrification resistance
a: Renounce Religion, Berserk


You were on level 1 of the Dungeon.
You worshipped Trog.
Trog was aware of your devotion.
You visited 1 branch of the dungeon, and saw 1 of its levels.

You collected 31 gold pieces.

Inventory:

Hand Weapons
 a - a +0 mace (weapon)
Armour
 b - a +0 animal skin (worn)
 c - a +0 ring mail
Scrolls
 e - a scroll of noise {unknown}
 f - a scroll of teleportation {unknown}
Potions
 d - a potion of flight {unknown}
 g - a potion of berserk rage {unknown}
 h - a potion of attraction {unknown}


   Skills:
 + Level 3.4 Fighting
 * Level 3.2 Maces & Flails
 * Level 2.5 Armour
 + Level 1.7 Dodging


You had one spell level left.
You didn't know any spells.
Your spell library was empty.

Dungeon Overview and Level Annotations

Branches:
Dungeon (1/15)

Altars:


Innate Abilities, Weirdness & Mutations

You are immune to sickness and miasma.
Your stone body is resilient. (AC +2)
You are immune to poison.
You resist negative energy. (rN+)
You are resistant to electric shocks. (rElec)
You are resistant to unholy torment.
You are immune to petrification.


Message History

The jackal bites you but does no damage.
You have reached level 2!
You closely miss the jackal. The jackal closely misses you.
The jackal barely misses you.
You hit the jackal but do no damage. The jackal bites you.
You closely miss the jackal. The jackal closely misses you.
The jackal barely misses you.
You closely miss the jackal. Your punch misses the jackal.
The jackal bites you but does no damage. x2
You sock the jackal!
You kill the jackal!
Trog accepts your kill.
You thump the rat!
You kill the rat!
Trog accepts your kill.
Found 12 gold pieces.
Found a sapphire potion.
Found a stone staircase leading down.
A ball python comes into view.
Found 8 gold pieces.
The ball python hisses angrily.
You hit the ball python.
You kill the ball python!
Trog accepts your kill.
There is a stone staircase leading down here.
A gnoll comes into view. It is wielding a +0 flail.
The gnoll shouts!
A bat comes into view.
Found a dagger and a scroll labelled EGIOXZ VULOAR.
The bat moves out of view.
You see here a sapphire potion.
h - a sapphire potion The gnoll closely misses you.
You hit the gnoll but do no damage. The gnoll hits you with a +0 flail.
You barely miss the gnoll. The gnoll hits you with a +0 flail.
You barely miss the gnoll. The gnoll hits you with a +0 flail.
You hit the gnoll.
The gnoll is moderately wounded.
The gnoll hits you with a +0 flail!
Ouch! That really hurt!
You die...

.. ..# .?..
...$##### ..).....#
#.....########
#...#......
#..bg.## ##..@$.#
#>..#.####
#........#### .
#..####.#....######
.# #.##
#....#......# # #.#
#. ####.######.#
###..# #. #.# #.#
#... .. #.. #.##
#.###### #..#
##.#####..##


You could see a gnoll and a bat.

Vanquished Creatures
  2 ball pythons (D:1)
  2 endoplasms (D:1)
  2 jackals (D:1)
  A frilled lizard (D:1)
  2 goblins (D:1)
  A rat (D:1)
10 creatures vanquished.

Notes
Turn   | Place    | Note
-------+----------+-------------------------------------------
     0 | D:1      | KittyFluff the Gargoyle Berserker began the quest for the
                  | Orb.
     0 | D:1      | Reached XP level 1. HP: 14/14 MP: 1/1
   264 | D:1      | Reached XP level 2. HP: 15/19 MP: 2/2
   301 | D:1      | Slain by a gnoll

Illustrated notes

Levels and vault maps discovered:
D:1:      dpeg_arrival_tiny_b, layout_rooms, minmay_misc_feat_tiny,
          minmay_pentomino_s2

Action                   || total
-------------------------++-------
Melee: Mace              ||    33
 Stab: Sleeping          ||     1
Armor: Animal skin       ||     9
Dodge: Dodged            ||    18
